 Dungeon Crawl Stone Soup version 0.26-a0-58-g79b31b8662 (webtiles) character file.

Game seed: 12220584166054707069

1754 MarredHen the Stinger (level 9, -3/65 HPs)
             Began as a Gnoll Venom Mage on June 7, 2020.
             Was an Initiate of Gozag.
             Slain by an orc warrior
             ... wielding a +0 war axe
              (15 damage)
             ... on level 6 of the Dungeon.
             The game lasted 00:10:46 (6745 turns).

MarredHen the Stinger (Gnoll Venom Mage)            Turns: 6745, Time: 00:10:46

Health: -3/65      AC:  4    Str: 13    XL:     9   Next: 6%
Magic:  13/18      EV: 16    Int: 18    God:    Gozag
Gold:   377        SH:  0    Dex: 16    Spells: 17/20 levels left

rFire    + . .     SeeInvis .   r - +3 flail (drain)
rCold    + . .     Gourm    .   (no shield)
rNeg     . . .     Faith    .   a - +1 robe
rPois    .         Spirit   .   (no helmet)
rElec    .         Reflect  .   t - scarf {rC+ rF+}
rCorr    .         Harm     .   g - +0 pair of gloves
MR       .....                  (no boots)
Stlth    +++.......             (no amulet)
HPRegen  0.20/turn              (no ring)
MPRegen  0.16/turn              (no ring)

@: no status effects
A: distributed training, fangs 1, strong nose
a: Potion Petition, Call Merchant, Bribe Branch, Renounce Religion


You were on level 6 of the Dungeon.
You worshipped Gozag.
Gozag was aware of your devotion.
You were hungry.

You visited 1 branch of the dungeon, and saw 6 of its levels.

You collected 468 gold pieces.
You paid 91 gold pieces to Gozag.

Inventory:

Hand Weapons
 h - a +2 dagger of holy wrath
 r - a +3 flail of draining (weapon)
 s - a +1 flail of protection
Armour
 a - a +1 robe (worn)
 g - a +0 pair of gloves (worn)
 l - a +0 cloak
 t - a scarf of resistance (worn)
Magical Staves
 i - an uncursed staff of wizardry {unknown}
Jewellery
 m - an uncursed ring of ice {unknown}
Wands
 n - a wand of acid (7)
 p - a wand of paralysis (5)
Scrolls
 f - a scroll of noise {unknown}
 j - 2 scrolls of fear
 k - 2 scrolls of enchant armour
 w - a scroll of blinking
 x - a scroll of remove curse {unknown}
Potions
 b - a potion of lignification {unknown}
 d - a potion of heal wounds
 e - 2 potions of curing
 o - a potion of haste {unknown}
 q - a potion of resistance
Comestibles
 c - 14 rations


   Skills:
 + Level 3.8 Fighting
 + Level 3.8 Short Blades
 + Level 3.8 Long Blades
 + Level 3.8 Axes
 + Level 3.8 Maces & Flails
 + Level 3.8 Polearms
 + Level 3.8 Staves
 + Level 3.8 Slings
 + Level 3.8 Bows
 + Level 3.8 Crossbows
 + Level 3.8 Throwing
 + Level 3.8 Armour
 + Level 6.0 Dodging
 + Level 5.7 Stealth
 + Level 3.8 Shields
 + Level 3.8 Unarmed Combat
 + Level 6.3 Spellcasting
 + Level 3.1 Conjurations
 + Level 3.1 Hexes
 + Level 3.1 Charms
 + Level 3.1 Summonings
 + Level 3.1 Necromancy
 + Level 3.1 Translocations
 + Level 3.8 Transmutations
 + Level 3.1 Fire Magic
 + Level 3.1 Ice Magic
 + Level 3.1 Air Magic
 + Level 3.1 Earth Magic
 + Level 6.3 Poison Magic
 + Level 4.1 Invocations
 + Level 3.8 Evocations


You had 17 spell levels left.
You knew the following spells:

 Your Spells              Type           Power        Failure   Level  Hunger
a - Sting                 Tmut/Pois      ###.         1%          1    None
b - Poisonous Vapours     Pois/Air       ###...       2%          2    None

Your spell library contained the following spells:

 Spells                   Type           Power        Failure   Level  Hunger
 Ignite Poison            Fire/Tmut/Pois ###.....     5%          3    ##.....
 Mephitic Cloud           Conj/Pois/Air  ###.....     6%          3    ##.....
 Olgreb's Toxic Radiance  Pois           ####....     9%          4    ####...


Dungeon Overview and Level Annotations

Branches:
Dungeon (6/15)
 Temple: D:4-7

Altars:
Elyvilon
Gozag
Nemelex Xobeh
Okawaru

Shops:
D:4 !


Innate Abilities, Weirdness & Mutations

Your experience applies equally to all skills.
You have very sharp teeth.
Your uncanny sense of smell can sniff out nearby items.


Message History

4 gold pieces; a +0 dagger A worm comes into view.
The worm moves out of view.
Casting: Poisonous Vapours (safe; 2% risk of failure)
Confirm with . or Enter, or press ? or * to list all spells.
Aiming: Poisonous Vapours (safe; 2% risk of failure)
Press: ? - help, Dir - move target cursor, f/p - orc warrior
Aim: an orc warrior, wielding a +0 war axe and wearing a cursed -1 plate armour (lightly wounded, poisoned) Poisonous vapours surround the orc warrior!
Casting: Poisonous Vapours (safe; 2% risk of failure)
Confirm with . or Enter, or press ? or * to list all spells.
Aiming: Poisonous Vapours (safe; 2% risk of failure)
Press: ? - help, Dir - move target cursor, f/p - orc warrior
Aim: an orc warrior, wielding a +0 war axe and wearing a cursed -1 plate armour (moderately wounded, poisoned) Poisonous vapours surround the orc warrior!
The orc warrior is engulfed in poison gas.
The orc warrior looks even sicker.
The orc warrior hits you with a +0 war axe!
You die...
Your body crumbles into a pile of gold.

..#####.### #.
........... ..
..#####.### .#
##...## .## #.....#
.. ##...## .# ##.## #
##.# #.# #. #@.# #
#.# #.. #o##.# ##'##
#..##.##.# ##...##
#......(.# ##.....#
##%..$...## ##.......
####.#...####........
#...$.......+........
#.##.#...####........
# #.#..## ##.......


You could see an orc warrior (very poisoned).

Vanquished Creatures
  Sigmund (D:5)
  Duvessa (D:5)
  Edmund (D:5)
  A sky beast (D:6)
  A phantom (D:6)
  2 ogres
  2 bullfrogs (D:6)
  Dowan (D:5)
  2 scorpions
  A crimson imp (D:5)
  4 orc wizards
  5 orc priests
  2 hounds
  2 jellies
  An iguana (D:6)
  2 worker ants (D:4)
  A hound skeleton (D:4)
  A worker ant zombie (D:5)
  4 gnolls (D:5)
  8 adders
  A shadow imp (D:6)
  3 oozes
  4 worms
  2 dart slugs
  A leopard gecko (D:4)
  26 orcs
  A ball python (D:5)
  6 giant cockroaches
  4 goblins (D:2)
  6 hobgoblins
  3 jackals (D:2)
  5 quokkas
  4 bats
  8 frilled lizards
  4 kobolds
  A leopard gecko skeleton (D:6)
  A quokka zombie (D:5)
  6 rats
129 creatures vanquished.

Notes
Turn   | Place    | Note
-------+----------+-------------------------------------------
     0 | D:1      | MarredHen the Gnoll Venom Mage began the quest for the Orb.
     0 | D:1      | Reached XP level 1. HP: 13/13 MP: 6/6
   483 | D:1      | Reached XP level 2. HP: 19/19 MP: 5/7
  1135 | D:2      | Reached skill level 5 in Spellcasting
  1135 | D:2      | Reached XP level 3. HP: 25/25 MP: 4/9
  1306 | D:2      | Reached skill level 1 in Invocations
  1768 | D:2      | Reached skill level 1 in Fighting
  1768 | D:2      | Reached skill level 1 in Short Blades
  1768 | D:2      | Reached skill level 1 in Long Blades
  1768 | D:2      | Reached skill level 1 in Axes
  1768 | D:2      | Reached skill level 1 in Maces & Flails
  1768 | D:2      | Reached skill level 1 in Polearms
  1768 | D:2      | Reached skill level 1 in Staves
  1768 | D:2      | Reached skill level 1 in Slings
  1768 | D:2      | Reached skill level 1 in Bows
  1768 | D:2      | Reached skill level 1 in Crossbows
  1768 | D:2      | Reached skill level 1 in Throwing
  1768 | D:2      | Reached skill level 1 in Armour
  1768 | D:2      | Reached skill level 1 in Shields
  1768 | D:2      | Reached skill level 1 in Unarmed Combat
  1768 | D:2      | Reached skill level 1 in Evocations
  1965 | D:2      | Reached XP level 4. HP: 32/32 MP: 7/11
  2279 | D:3      | Reached skill level 1 in Conjurations
  2279 | D:3      | Reached skill level 1 in Hexes
  2279 | D:3      | Reached skill level 1 in Charms
  2279 | D:3      | Reached skill level 1 in Summonings
  2279 | D:3      | Reached skill level 1 in Necromancy
  2279 | D:3      | Reached skill level 1 in Translocations
  2279 | D:3      | Reached skill level 1 in Fire Magic
  2279 | D:3      | Reached skill level 1 in Ice Magic
  2279 | D:3      | Reached skill level 1 in Air Magic
  2279 | D:3      | Reached skill level 1 in Earth Magic
  2927 | D:3      | Reached XP level 5. HP: 36/37 MP: 8/12
  3355 | D:4      | Reached XP level 6. HP: 44/44 MP: 10/13
  3388 | D:4      | Found Bodoho's Distillery.
  3413 | D:4      | Learned a level 2 spell: Poisonous Vapours
  3463 | D:4      | Reached skill level 5 in Dodging
  4069 | D:4      | Reached XP level 7. HP: 47/50 MP: 4/15
  4335 | D:5      | Entered Level 5 of the Dungeon
  4372 | D:5      | Noticed Edmund
  4379 | D:5      | Killed Edmund
  4735 | D:5      | Reached skill level 5 in Stealth
  4907 | D:5      | Noticed Sigmund
  4917 | D:5      | Killed Sigmund
  4917 | D:5      | Reached XP level 8. HP: 39/57 MP: 16/16
  5043 | D:5      | Noticed Duvessa
  5045 | D:5      | Noticed Dowan
  5060 | D:5      | Killed Duvessa
  5066 | D:5      | Killed Dowan
  5402 | D:5      | Found an opulent altar of Gozag.
  5523 | D:5      | Became a worshipper of Gozag Ym Sagoz the Greedy
  5879 | D:6      | Found a white marble altar of Elyvilon.
  6212 | D:6      | Found an iron altar of Okawaru.
  6564 | D:6      | Found a sparkling altar of Nemelex Xobeh.
  6714 | D:6      | Reached XP level 9. HP: 60/65 MP: 18/18
  6745 | D:6      | Slain by an orc warrior

Illustrated notes

Levels and vault maps discovered:
D:1:      erik_arrival_triangle_large, layout_basic, grunt_decor_mini_mirrors
D:2:      minmay_angry_zag, layout_basic, first_ration, dk_vineyard_3
D:3:      layout_basic
D:4:      layout_rooms, serial_shops, nicolae_shop_statue_plus,
          columned_hall_lemuel
D:5:      layout_basic, basic_altar, roderic_serpentine_path, uniq_duvessa,
          uniq_edmund, uniq_sigmund
D:6:      layout_loops_corners, nemelex_xobeh_ov_fountains_minmay,
          nicolae_overflow_hidden_temple, minmay_temple_entry_from_below_a,
          okawaru_gym_becter

Skill      XL: |  1  2  3  4  5  6  7  8 |
---------------+-------------------------+-----
Transmutations | 2 3 |  3.8
Spellcasting   | 5 6 |  6.3
Invocations    | 1 2 3 4 |  4.1
Fighting       | 1 2 3 |  3.8
Short Blades   | 1 2 3 |  3.8
Long Blades    | 1 2 3 |  3.8
Axes           | 1 2 3 |  3.8
Maces & Flails | 1 2 3 |  3.8
Polearms       | 1 2 3 |  3.8
Staves         | 1 2 3 |  3.8
Slings         | 1 2 3 |  3.8
Bows           | 1 2 3 |  3.8
Crossbows      | 1 2 3 |  3.8
Throwing       | 1 2 3 |  3.8
Armour         | 1 2 3 |  3.8
Shields        | 1 2 3 |  3.8
Unarmed Combat | 1 2 3 |  3.8
Evocations     | 1 2 3 |  3.8
Conjurations   | 1 2 3 |  3.1
Hexes          | 1 2 3 |  3.1
Charms         | 1 2 3 |  3.1
Summonings     | 1 2 3 |  3.1
Necromancy     | 1 2 3 |  3.1
Translocations | 1 2 3 |  3.1
Fire Magic     | 1 2 3 |  3.1
Ice Magic      | 1 2 3 |  3.1
Air Magic      | 1 2 3 |  3.1
Earth Magic    | 1 2 3 |  3.1
Dodging        | 5 6 |  6.0
Stealth        | 5 |  5.7
Poison Magic   | 6 |  6.3

Action                   |  1- 3 |  4- 6 |  7- 9 || total
-------------------------+-------+-------+-------++-------
Melee: Dagger            |    10 |    35 |       ||    45
       Bite              |     1 |     5 |    13 ||    19
       Punch             |       |     2 |     1 ||     3
       Flail             |       |       |   132 ||   132
 Cast: Sting             |    53 |    68 |       ||   121
       Poisonous Vapours |       |    22 |    54 ||    76
  Use: Scroll            |     2 |     3 |     1 ||     6
       Potion            |       |     2 |     5 ||     7
 Stab: Sleeping          |       |       |     2 ||     2
       Distracted        |       |       |     1 ||     1
  Eat: Chunk             |     2 |     3 |     2 ||     7
       Ration            |       |     2 |     1 ||     3
Armor: Robe              |    13 |    26 |    30 ||    69
Dodge: Dodged            |    22 |    83 |   108 ||   213

Table legend:
 A = Non-vault XP
 B = Vault XP
 C = Vault XP percentage of total XP
 D = Non-vault monster count
 E = Vault monster count
 F = Vault count percentage of total count
                 A         B        C        D         E       F
            +---------+---------+-------+---------+---------+-------
      Total |    1894 |     612 |  24.4 |     121 |       8 |   6.2
            +---------+---------+-------+---------+---------+-------
        D:1 |      11 |       0 |   0.0 |       8 |       0 |   0.0
        D:2 |      76 |      13 |  14.6 |      28 |       4 |  12.5
        D:3 |      70 |       0 |   0.0 |      12 |       0 |   0.0
        D:4 |     468 |       0 |   0.0 |      25 |       0 |   0.0
        D:5 |     437 |     599 |  57.8 |      25 |       4 |  13.8
        D:6 |     832 |       0 |   0.0 |      23 |       0 |   0.0
            +---------+---------+-------+---------+---------+-------
